 Dungeon Crawl Stone Soup version 0.31-a0-117-g42d8f58691 (webtiles) character file.

Game seed: 11273378093129600009

242 Kenran the Slasher (level 5, -1/39 HPs)
             Began as a Vampire Fighter on May 31, 2023.
             Was a Follower of Okawaru.
             Slain by a gnoll
             ... wielding a +0 flail
              (6 damage)
             ... on level 4 of the Dungeon.
             The game lasted 00:05:42 (2856 turns).

Kenran the Slasher (Vampire Fighter)                Turns: 2856, Time: 00:05:42

Health: -1/39      AC: 10    Str: 15    XL:     5   Next: 82%
Magic:  5/5        EV:  8    Int: 11    God:    Okawaru [*.....]
Gold:   188        SH:  5    Dex: 15    Spells: 4/4 levels left

rFire   . . .        a - +0 long sword
rCold   . . .        c - +0 buckler
rNeg    . . .        b - +0 scale mail
rPois   .            (no helmet)
rElec   .            m - +0 cloak
rCorr   .            f - +1 pair of gloves
SInv    +            l - +0 pair of boots
Will    .....        (no amulet) Stlth
                     o - ring of flight
HPRegen 0.46/turn    (no ring)
MPRegen 0.09/turn

%: no passive effects
@: mighty, attractive, flying, healing quickly
A: alive, fangs 3, see invisible, vampiric 2
a: Exsanguinate, Renounce Religion, Heroism


You were on level 4 of the Dungeon.
You worshipped Okawaru.
Okawaru was aware of your devotion.
You visited 1 branch of the dungeon, and saw 4 of its levels.

You collected 188 gold pieces.

Inventory:

Hand Weapons
 a - a +0 long sword (weapon)
Armour
 b - a +0 scale mail (worn)
 c - a +0 buckler (worn)
 f - a +1 pair of gloves (worn)
 l - a +0 pair of boots (worn)
 m - a +0 cloak (worn)
Jewellery
 o - a ring of flight (left hand)
Scrolls
 g - 2 scrolls of immolation {!r}
 k - a scroll of enchant armour
 q - a scroll of fog {unknown}
 r - a scroll of enchant weapon {unknown}
Potions
 d - a potion of might


   Skills:
 - Level 2.6 Fighting
 + Level 6.2 Long Blades
 - Level 2.4 Armour
 - Level 2.6 Shields


You had 4 spell levels left.
You didn't know any spells.
Your spell library contained the following spells:

 Spells                   Type           Power      Damage    Failure   Level
 Inner Flame              Hex/Fire       0%         N/A       99%         3
 Yara's Violent Unravell  Hex/Tmut       0%         3d3       100%        5
 Enfeeble                 Hex            0%         N/A       100%        7


Dungeon Overview and Level Annotations

Branches:
Dungeon (4/15)             Temple (0/1) D:4

Altars:
Dithmenos
Okawaru

Shops:
D:1 :*=[   D:4 *


Innate Abilities, Weirdness & Mutations

Your natural rate of healing is accelerated.
You have razor-sharp teeth.
You have supernaturally acute eyesight. (SInv)
You are afflicted with vampirism and can become a bat while bloodless.


Message History

Okay, then.
You feel very mighty all of a sudden.
The gnoll hits you but does no damage. x2; The gnoll is attracted toward you. x4
The gnoll sergeant is attracted toward you.
Blink to where?
Press: ? - help, Dir - move target
Found an escape hatch in the floor.
As you read the scroll labelled POFOEC NOMUY, it crumbles to dust.
It was a scroll of blinking.
The gnoll is attracted toward you. x5
You reach down and open the door.
The gnoll is attracted toward you. x6
The gnoll attacks as you move away! The gnoll closely misses you.
The gnoll is attracted toward you. x5
There is an open door here.
The gnoll is attracted toward you. x5
The gnoll attacks as you move away! The gnoll hits you but does no damage.
The gnoll is attracted toward you. x4
As you read the scroll of fear, it crumbles to dust.
You assume a fearsome visage.
The gnoll looks frightened! x2
The gnoll is attracted toward you. x2
The gnoll is attracted toward you. x3
The gnoll is attracted toward you. x3
The gnoll is attracted toward you. x3
The gnoll attacks as you move away! The gnoll hits you with a +0 flail.
* * * LOW HITPOINT WARNING * * *
The gnoll is attracted toward you. x2
The gnoll seems to regain its courage.
The gnoll is attracted toward you. x2
The gnoll is attracted toward you.
Okay, then.
As you read the scroll labelled ZUUHAY MAYNG, it crumbles to dust.
You hear a loud clanging noise!
It was a scroll of noise.
You hear an angry hiss.
The gnoll hits you but does no damage. x2
The air fills with toxic fumes!
As you read the scroll labelled WILUTS QECUY, it crumbles to dust.
It was a scroll of poison.
The gnoll hits you from afar with a +0 halberd!
* * * LOW HITPOINT WARNING * * *
The gnoll hits you with a +0 flail.
You die...

####### *** ......######
**,** ...##.##.§§####
**,*,**
.........#§§§§#######§#**,**
...##.#)...##§§g@§§§§#* **,*
#.###.#.#.##§§g######§#**,**
......#.#§§§§§..# **,*,**
#.#####.####§g§## **,** #.#
#.#####§## *,* #.#*
#.....§.# *,* #..* #######.#
*,* ##.* ##§## *,* *.#
##.§§#* **###,*


You could see 2 gnolls.

Vanquished Creatures
  2 scorpions (D:4)
  5 adders (D:3)
  2 dart slugs
  8 orcs
  5 ball pythons
  6 endoplasms
  2 giant cockroaches
  2 hobgoblins
  3 jackals (D:3)
  6 quokkas
  7 bats
  2 frilled lizards (D:1)
  6 goblins
  3 kobolds (D:1)
  5 rats
64 creatures vanquished.

Notes
Turn   | Place    | Note
-------+----------+-------------------------------------------
     0 | D:1      | Kenran the Vampire Fighter began the quest for the Orb.
     0 | D:1      | Reached XP level 1. HP: 17/17 MP: 1/1
   166 | D:1      | Found Vonu's Jewellery Boutique.
   241 | D:1      | Reached XP level 2. HP: 23/23 MP: 2/2
   286 | D:1      | Found Wilunal's Book Shop.
   318 | D:1      | Found Jisio's Assorted Antiques.
   460 | D:1      | Reached skill level 3 in Long Blades
   777 | D:1      | Found Xaxowit's Antique Armour Emporium.
   905 | D:2      | Found a shadowy altar of Dithmenos.
  1188 | D:2      | Gained mutation: You are afflicted with vampirism and can
                  | become a bat while bloodless. [Vampire growth]
  1188 | D:2      | Reached XP level 3. HP: 28/28 MP: 3/3
  1570 | D:2      | You fall into a shaft and drop 2 floors!
  1573 | D:4      | Found an iron altar of Okawaru.
  1634 | D:4      | Became a worshipper of Warmaster Okawaru
  1769 | D:4      | Found Difolargh's Lightly-Used Armoury.
  1856 | D:3      | Reached skill level 4 in Long Blades
  1895 | D:3      | Reached XP level 4. HP: 32/34 MP: 4/4
  2333 | D:3      | Reached skill level 5 in Long Blades
  2655 | D:4      | Noticed a scorpion
  2679 | D:4      | Killed a scorpion
  2680 | D:4      | Reached XP level 5. HP: 16/39 MP: 5/5
  2808 | D:4      | Reached * piety under Okawaru
  2809 | D:4      | Reached skill level 6 in Long Blades
  2856 | D:4      | Slain by a gnoll

Illustrated notes

Levels and vault maps discovered:
D:1:      dpeg_arrival_radiant, layout_basic, serial_shops,
          nicolae_shop_getting_attention, shop, nicolae_shop_trees,
          nicolae_diamond_shop, serial_aquarium, aquarium_bridge_straight
          [aquarium_subvault_bridge, aquarium_subvault_balcony,
          aquarium_subvault_bridge, aquarium_subvault_wall], aquarium_window_1,
          aquarium_window_corner, aquarium_window_fake, aquarium_view_2f,
          aquarium_pool_corner, minmay_domino_2
D:2:      layout_basic, basic_altar, ebering_ecumenical_altar_petrified
D:3:      minmay_octagon_keep, layout_loops_ring
D:4:      layout_loops_corners, okawaru_trees_1, minmay_temple_entry_trees,
          minmay_shop_damaged, minmay_misc_feat_tiny, kennysheep_generic_room_9

Skill      XL: |  1  2  3  4  5 |
---------------+----------------+-----
Long Blades    | 3 4 5 6 |  6.2
Fighting       | |  2.6
Armour         | |  2.4
Shields        | |  2.6

Action                     |  1- 3 |  4- 6 || total
---------------------------+-------+-------++-------
  Melee: Long sword        |   125 |    67 ||   192
         Bite              |    12 |     4 ||    16
    Use: Potion            |       |     3 ||     3
         Scroll            |       |     8 ||     8
 Armour: Scale mail        |    65 |    46 ||   111
  Dodge: Dodged            |    49 |    23 ||    72
  Block: Buckler           |    35 |    20 ||    55

Table legend: (Time is in decaauts)
 A = Elapsed time spent in this place.
 B = Non-inter-level travel time spent in this place.
 C = Inter-level travel time spent in this place.
 D = Time resting spent in this place.
 E = Time spent auto-exploring this place.
 F = Levels seen in this place.
 G = Mean time per level.
                   A        B        C        D        E       F      G
               +--------+--------+--------+--------+--------+-----+--------+
         Total |   2903 |   2844 |     59 |    117 |   2073 |   4 |  725.8 |
       Dungeon |   2903 |   2844 |     59 |    117 |   2073 |   4 |  725.8 |
               +--------+--------+--------+--------+--------+-----+--------+

Top non-repeatable levels by time:
     D:3: 873 daAuts
     D:1: 866 daAuts
     D:2: 727 daAuts
     D:4: 435 daAuts
